[Event "EICC 2025"]
[Site "Eforie-Nord"]
[Date "2025.03.17"]
[Round "3.35"]
[White "Haring, Filip"]
[Black "Coicev, Matei-Andrei"]
[Result "1-0"]
[Annotator "RC"]
[ECO "E09"]
[WhiteElo "2476"]
[BlackElo "2283"]
[PlyCount "63"]
[EventDate "2025.03.14"]
[EventType "swiss"]
[EventCountry "ROU"]
[SourceTitle "playchess.com"]
[Source "ChessBase"]
[SourceQuality "1"]
[TimeControl "40/5400+30:1800+30"]

1. Nf3 d5 2. g3 Nf6 3. Bg2 e6 4. c4 Be7 5. O-O O-O 6. b3 c6 7. Bb2 Nbd7 8. d4 b6 9. Nbd2 Bb7 10. Qc2 Rc8 11. e4 c5 12. exd5 exd5 13. dxc5 Nxc5 14. Ng5 h6 15. Bxf6 hxg5 16. Bxe7 Qxe7 17. cxd5 Rfd8 18. Rad1 Nd7 19. Nc4 Nf6 20. Qf5 Rc5 21. Rfe1 Qf8 22. Ne3 Nh7 23. b4 Rc3 24. Qe5 Ra3 25. Nf5 Rxa2 26. d6 Bxg2 27. Kxg2 Rc2 28. d7 a5 29. Qe8 Nf6 30. Ne7+ Kh7 31. Qxf8 Rxf8 32. d8=Q 1-0

[Event "EICC 2025"]
[Site "Eforie-Nord"]
[Date "2025.03.17"]
[Round "3.36"]
[White "Hovhannisyan, Robert"]
[Black "Razafindratsima, Timothe"]
[Result "1-0"]
[Annotator "TA"]
[ECO "C48"]
[WhiteElo "2630"]
[BlackElo "2465"]
[PlyCount "107"]
[EventDate "2025.03.14"]
[EventType "swiss"]
[EventCountry "ROU"]
[SourceTitle "playchess.com"]
[Source "ChessBase"]
[SourceQuality "1"]
[TimeControl "40/5400+30:1800+30"]

1. e4 e5 2. Nf3 Nf6 3. Nc3 Nc6 4. Bb5 Nd4 5. Nxd4 exd4 6. e5 dxc3 7. exf6 Qxf6 8. dxc3 Qe5+ 9. Be2 Bc5 {[%emt 0:00:28] C48: Four Knights: 4 Bb5, replies other than 4...Bb4.} (9... Bd6 {simplifies} 10. Be3 O-O 11. Qd4 Qxd4 12. cxd4 b6) 10. O-O O-O 11. Bd3 d5 {[%emt 0:01:42] The position is equal.} 12. Qf3 Bd6 13. g3 {[%emt 0:00:53] A sharp opening. Successful Defense White} c6 14. Bd2 Qe6 15. Rfe1 Qg4 (15... Qh3 {is interesting.} 16. c4 dxc4 17. Bxc4 Be6) 16. Qxg4 Bxg4 17. a4 $146 ({Predecessor:} 17. c4 dxc4 18. Bxc4 Rfe8 19. Kg2 Bf5 20. c3 Bc5 21. Bf4 a5 22. Rad1 h6 23. h4 {½-½ Silva Filho,A (2111)-Vodicka,M (1966) RA-2012-0-00239}) 17... Rfe8 18. Kg2 a6 19. a5 Be6 20. h4 h6 21. Be3 Rac8 22. Bb6 c5 23. Be2 Bc7 24. Ba7 Bf5 25. Bf3 (25. Bxc5 Bxg3 26. Bf3 Rxe1 (26... Bxh4 27. Rxe8+ Rxe8 28. Bxd5 $11) 27. Rxe1 Rxc5 $15 (27... Bxh4 28. b4 $11)) 25... Be4 26. Red1 $1 (26. Bxc5 $6 Bxg3 (26... Bxf3+ 27. Kxf3 Rxe1 28. Rxe1 $14) 27. Kxg3 Rxc5 $11) 26... Re6 (26... Bxc2 $2 27. Rxd5 Bd8 28. Rd7 $16 (28. Bxc5 Bb3 $11) (28. Rxc5 Ra8 $18)) 27. Bxe4 (27. Bxc5 Bxg3 28. Bxe4 dxe4 $15) 27... dxe4 28. Rd5 (28. Bxc5 Bxg3 29. fxg3 Rxc5 $15) 28... e3 29. Rxc5 (29. Bxc5 $6 exf2 30. Bxf2 Re2 $16) 29... Rd8 {[%emt 0:02:26] Black is now going downhill.} 30. Rxc7 $18 e2 {[%emt 0:00:03] [#]} 31. Bd4 $1 (31. Rxb7 $2 Rd1 $19) 31... e1=Q 32. Rxe1 Rxe1 33. Rxb7 $16 {[%emt 0:00:07][%mdl 4096] Endgame KRR-KRB} Re6 34. b4 Ree8 (34... g5 $142 35. hxg5 hxg5) 35. Kf3 $18 Rc8 36. h5 Kf8 37. Bc5+ Rxc5 38. bxc5 {[%emt 0:00:03] KR-KR. White is 3 pawns up.} Rc8 39. Ke4 (39. Rb6 $142 {and c6 should not be overlooked} Rxc5 40. Rxa6) 39... Rxc5 40. Kd4 (40. Rb8+ Ke7 $11) 40... Rxa5 {[%emt 0:00:58] [#]} 41. c4 $1 Ra2 (41... Rxh5 42. c5 Ke8) 42. Kd5 Rxc2 43. c5 Rd2+ 44. Kc6 (44. Ke5 $18 {and White stays clearly on top.}) 44... Rxf2 $2 (44... a5 $16 {was necessary.} 45. Kc7 a4) 45. Kb6 Ke8 $2 {[%emt 0:02:55] Against c6} (45... Rb2+ 46. Kxa6 Rc2) 46. c6 ({Weaker is} 46. Kxa6 Rf3 $16) 46... Rb2+ 47. Kxa6 Rc2 (47... Ra2+ 48. Kb6 Rc2 49. Rb8+ Ke7) 48. Kb6 {[%emt 0:00:00] White is clearly winning.} Rb2+ 49. Ka7 Rc2 50. c7 Kd7 51. Kb8 Ke6 52. c8=Q+ Rxc8+ 53. Kxc8 Kf6 54. Rb5 {[%emt 0:00:00] Weighted Error Value: White=0.12 (very precise) /Black=0.62  Loses game:     	---       	Black=1      Mistake:       	White=2     	Black=5      Inaccurate:     	White=3     	Black=5      OK:         	White=17    	Black=12     Best:        	White=5     	Black=2      Strong:       	White=2     	---} 1-0

[Event "EICC 2025"]
[Site "Eforie-Nord"]
[Date "2025.03.17"]
[Round "3.36"]
[White "Davtyan, Artur"]
[Black "Kalavannan, Koby"]
[Result "1-0"]
[Annotator "RC"]
[ECO "D02"]
[WhiteElo "2474"]
[BlackElo "2279"]
[PlyCount "83"]
[EventDate "2025.03.14"]
[EventType "swiss"]
[EventCountry "ROU"]
[SourceTitle "playchess.com"]
[Source "ChessBase"]
[SourceQuality "1"]
[TimeControl "40/5400+30:1800+30"]

1. d4 d5 2. Nf3 Nf6 3. c3 g6 4. h3 Bg7 5. Bf4 Nbd7 6. Nbd2 O-O 7. e3 c5 8. Be2 b6 9. O-O Bb7 10. a4 Ne4 11. Qb3 Nxd2 12. Nxd2 e5 13. dxe5 Nxe5 14. Nf3 Qe7 15. Rfd1 Bc6 16. Rd2 Rad8 17. Rad1 Rd7 18. Bxe5 Bxe5 19. Bb5 c4 20. Qc2 Bxb5 21. axb5 Rfd8 22. e4 Qe6 23. exd5 Rxd5 24. Rxd5 Rxd5 25. Re1 Qd6 26. Qe4 Bf6 27. Qxc4 Kg7 28. Qe2 Rc5 29. Rd1 Qe7 30. Qd3 Qe8 31. Nd4 Bxd4 32. Qxd4+ Qe5 33. c4 Qxd4 34. Rxd4 Re5 35. Kf1 Re7 36. b4 Kf6 37. Rd6+ Ke5 38. Rd5+ Kf6 39. Rd4 Re5 40. Rd6+ Ke7 41. Rd3 Rf5 42. g3 1-0

[Event "EICC 2025"]
[Site "Eforie-Nord"]
[Date "2025.03.17"]
[Round "3.37"]
[White "Ponomariov, Ruslan"]
[Black "Tarhan, Adar"]
[Result "1/2-1/2"]
[Annotator "TA"]
[ECO "C88"]
[WhiteElo "2628"]
[BlackElo "2460"]
[PlyCount "39"]
[EventDate "2025.03.14"]
[EventType "swiss"]
[EventCountry "ROU"]
[SourceTitle "playchess.com"]
[Source "ChessBase"]
[SourceQuality "1"]
[TimeControl "40/5400+30:1800+30"]

1. e4 e5 2. Nf3 Nc6 3. Bb5 a6 4. Ba4 Nf6 5. O-O Be7 6. Re1 b5 7. Bb3 O-O 8. d4 Nxd4 9. Nxd4 exd4 10. e5 Ne8 11. Qxd4 c5 12. Qe4 Nc7 {[%emt 0:00:57] [#] C88: Closed Ruy Lopez: Anti-Marshall Systems.} 13. c4 bxc4 14. Bc2 g6 {[%emt 0:00:24] The position is equal.} 15. Bh6 Re8 {[%emt 0:00:28] aiming for ...d5.} 16. Nd2 (16. Qxc4 $11 {is superior.} Rb8 17. Bb3) 16... Bf8 $15 17. Bxf8 d5 18. Qe3 Rxf8 19. Qxc5 Ne6 $146 (19... Rb8 20. Qa3 Nb5 21. Qe3 Qb6 22. Nf3 Bg4 23. a4 Qxe3 24. Rxe3 Nc7 25. b3 Bxf3 26. Rxf3 {½-½ Mastrovasilis,D (2599)-Saraci,N (2495) Olympiad-44 Chennai 2022 (2.1)}) 20. Qa3 {[%emt 0:11:17] Weighted Error Value: White=0.07 (flawless) /Black=0.05 (flawless)   Mistake:       	White=1     	---        Inaccurate:     	White=1     	---        OK:         	White=4     	Black=5      Best:        	White=1     	Black=2} 1/2-1/2

[Event "EICC 2025"]
[Site "Eforie-Nord"]
[Date "2025.03.17"]
[Round "3.37"]
[White "Csonka, Balazs"]
[Black "Ciorgovean, Iustin"]
[Result "1/2-1/2"]
[Annotator "RC"]
[ECO "D06"]
[WhiteElo "2473"]
[BlackElo "2267"]
[PlyCount "56"]
[EventDate "2025.03.14"]
[EventType "swiss"]
[EventCountry "ROU"]
[SourceTitle "playchess.com"]
[Source "ChessBase"]
[SourceQuality "1"]
[TimeControl "40/5400+30:1800+30"]

1. d4 d5 2. c4 c5 3. cxd5 Nf6 4. e4 Nxe4 5. dxc5 Qa5+ 6. Bd2 Nxd2 7. Qxd2 Qxd2+ 8. Nxd2 g6 9. Rc1 Bh6 10. Bb5+ Nd7 11. c6 bxc6 12. dxc6 Nb6 13. c7+ Bd7 14. Ba6 Bc8 15. Bb5+ Bd7 16. Ba6 Bc8 17. Be2 Bb7 18. Bf3 Bxf3 19. Ngxf3 Rc8 20. g3 Bg7 21. Nc4 Nd5 22. O-O Rxc7 23. Rfd1 Nc3 24. bxc3 Rxc4 25. Rd5 Rc7 26. c4 O-O 27. Ra5 Rfc8 28. Ra4 h5 1/2-1/2

[Event "EICC 2025"]
[Site "Eforie-Nord"]
[Date "2025.03.17"]
[Round "3.38"]
[White "Volokitin, Andrei"]
[Black "Kilic, Eray"]
[Result "1/2-1/2"]
[Annotator "TA"]
[ECO "B90"]
[WhiteElo "2628"]
[BlackElo "2459"]
[PlyCount "120"]
[EventDate "2025.03.14"]
[EventType "swiss"]
[EventCountry "ROU"]
[SourceTitle "playchess.com"]
[Source "ChessBase"]
[SourceQuality "1"]
[TimeControl "40/5400+30:1800+30"]

1. e4 c5 2. Nf3 d6 3. Nc3 Nf6 4. d4 cxd4 5. Nxd4 a6 6. Be3 e5 7. Nb3 Be6 8. f3 h5 9. Nd5 {[%emt 0:00:25] B90: Sicilian Najdorf: Unusual White 6th moves, 6 Be3 Ng4 and 6 Be3 e5.} Bxd5 10. exd5 Nbd7 11. Qd2 {[%emt 0:00:30] White has an edge.} g6 12. O-O-O Nb6 13. Kb1 Nfxd5 14. Bg5 {[%emt 0:11:13] White sacrificed a pawn} Be7 15. Bxe7 Qxe7 16. c4 {[%emt 0:01:16] 16.c4 has lost popularity.} Nf6 17. Qxd6 Qxd6 {[%emt 0:01:43] Successful Defense Black} 18. Rxd6 Nbd7 19. Rd2 Rc8 20. Bd3 O-O $146 (20... Rc7 21. Re1 Kf8 22. Nc1 Kg7 23. b3 Re8 24. Rde2 Rd8 25. Bc2 b5 26. cxb5 axb5 {½-½ Perry,D (2495)-Pappier,C (2501) ICCF GMN/A/08 email 2022}) 21. Rc1 Rfd8 22. c5 Nb8 23. Na5 Rc7 ({Black should play} 23... e4 $1 $11 24. fxe4 Nxe4) 24. Rdd1 {[%emt 0:06:58] White is more active.} Nc6 25. Nxc6 Rxc6 26. b4 Nd5 27. Be4 Nc3+ 28. Rxc3 Rxd1+ $11 {[%emt 0:00:04][%mdl 4096] Endgame KRR-KRB} 29. Kc2 {[%emt 0:00:03][%cal Oe4c6] [#]} Rd4 30. Bxc6 bxc6 {[%emt 0:00:04] KR-KR} 31. Kb3 Kf8 $1 {[%emt 0:02:15] The position is equal.} 32. Ka4 Ke7 33. Ka5 Kd7 $1 34. a4 Kc7 35. g3 g5 36. Rb3 Kb7 37. Re3 f6 38. Re2 h4 39. f4 gxf4 40. gxf4 Rxf4 41. Rg2 {[%emt 0:30:15] [#]} Rd4 42. Rg7+ Kc8 $1 43. Rf7 e4 $1 44. Kb6 Kd8 45. Kxc6 e3 46. Rxf6 Re4 {[%emt 0:00:00][%cal Oe3e2] ...e2! would now be deadly.} 47. Rf8+ Ke7 48. Rf1 {[%emt 0:00:03] Threatens to win with b5.} Rxb4 49. Re1 Rb3 50. Kc7 a5 51. c6 h3 52. Kc8 Rc3 53. c7 Rb3 54. Re2 Rc3 55. Kb7 (55. Kb8 $5 Rb3+ $8 (55... Kd7 $2 56. Rxe3 Rxe3 57. c8=Q+ $18) 56. Kc8 $11) 55... Rb3+ (55... Kd7 $6 56. Rxe3 Rxc7+ 57. Kb6 $16) 56. Kc6 Rc3+ 57. Kb7 Rb3+ ({Inferior is} 57... Kd7 58. Rxe3 Rxc7+ 59. Kb6 $16) 58. Kc8 (58. Ka6 $5 Kd7 $8 59. Rc2 $14 (59. Kxa5 $2 {is the wrong capture.} Kxc7 60. Rc2+ Kd6 $19)) 58... Rc3 59. Re1 Rb3 60. Re2 Rc3 {[%emt 0:08:16] Weighted Error Value: White=0.03 (flawless) /Black=0.02 (flawless)   Mistake:       	---       	Black=1      Inaccurate:     	White=1     	---        OK:         	White=20    	Black=28     Best:        	White=4     	Black=7      Strong:       	---       	Black=4} 1/2-1/2

[Event "EICC 2025"]
[Site "Eforie-Nord"]
[Date "2025.03.17"]
[Round "3.38"]
[White "Stoyanov, Tsvetan"]
[Black "Manea, Alexandru"]
[Result "1-0"]
[Annotator "RC"]
[ECO "A17"]
[WhiteElo "2469"]
[BlackElo "2260"]
[PlyCount "77"]
[EventDate "2025.03.14"]
[EventType "swiss"]
[EventCountry "ROU"]
[SourceTitle "playchess.com"]
[Source "ChessBase"]
[SourceQuality "1"]
[TimeControl "40/5400+30:1800+30"]

1. c4 e6 2. Nf3 d5 3. e3 Nf6 4. Nc3 b6 5. cxd5 exd5 6. b4 a6 7. Bb2 Bd6 8. Qa4+ c6 9. b5 Bb7 10. bxc6 Nxc6 11. Ne2 O-O 12. Ned4 Nxd4 13. Bxd4 Ne4 14. Qc2 b5 15. Qb2 f6 16. a4 b4 17. a5 g5 18. h3 Qe7 19. Bd3 Rae8 20. Rg1 f5 21. g3 g4 22. Nh2 h5 23. Be2 Rf7 24. Nf1 Ng5 25. hxg4 fxg4 26. Rh1 Rh7 27. Bf6 Qe4 28. Bxg5 Qxh1 29. Qf6 Rg7 30. Qxd6 Rxg5 31. Qd7 Rf8 32. Qxb7 Qg2 33. O-O-O Qe4 34. Kb2 Rxf2 35. Qxa6 d4 36. Rc1 dxe3 37. Rc8+ Rf8 38. Rxf8+ Kxf8 39. Qf6+ 1-0

[Event "EICC 2025"]
[Site "Eforie-Nord"]
[Date "2025.03.17"]
[Round "3.39"]
[White "Santos Latasa, Jaime"]
[Black "Sanikidze, Tornike"]
[Result "1-0"]
[Annotator "TA"]
[ECO "C54"]
[WhiteElo "2627"]
[BlackElo "2452"]
[PlyCount "95"]
[EventDate "2025.03.14"]
[EventType "swiss"]
[EventCountry "ROU"]
[SourceTitle "playchess.com"]
[Source "ChessBase"]
[SourceQuality "1"]
[TimeControl "40/5400+30:1800+30"]

1. e4 e5 2. Nf3 Nc6 3. Bc4 Bc5 4. c3 Nf6 5. d3 a5 6. O-O {[%emt 0:01:12] C54: Giuoco Piano: 4 c3 Nf6, main lines with 5 d4 and 5 d3.} d6 7. Bg5 h6 8. Bh4 {[%emt 0:02:04] White has an edge.} Ba7 {[%emt 0:02:57] is currently scoring better than 8...g5.} 9. Re1 g5 10. Bg3 Nh7 11. Nbd2 (11. d4 $14) 11... h5 $1 $15 12. h4 g4 13. Nh2 Nf8 $1 14. Kh1 $146 (14. Qb3 $15) (14. d4 Ng6 15. dxe5 Ncxe5 16. Bxe5 dxe5 17. g3 Nxh4 18. gxh4 g3 19. Kh1 gxh2 20. Nf3 Qxd1 21. Rexd1 {0-1 Gaboyan,S (2192)-Guichard,P (2362) EU-ch (Women) 24th 2024 (5)}) 14... Ng6 $17 15. Rf1 {[%emt 0:00:37] [#]} Nxh4 ({Better is} 15... f5 $1 {[%cal Rf5f4] and ...f4 would now be decisive} 16. exf5 Nxh4) 16. f4 Ng6 (16... Rh7 $17) 17. fxe5 $1 $11 Ncxe5 18. Bb3 O-O (18... Nxd3 $2 19. Bxf7+ (19. Rxf7 $2 h4 $19) 19... Kf8 20. Bxg6+ $18) (18... h4 19. Bxe5 Nxe5 20. d4 $14) 19. d4 Nc6 20. Nc4 (20. Qe2 $11) 20... Qg5 21. Qd3 Nce7 (21... h4 22. Be1 $11) 22. Ne3 Be6 (22... h4 $6 23. Be1 $14) (22... Bd7 $17 23. Rad1 a4) 23. Bc2 (23. Nf5 $11 {remains equal.}) 23... b5 24. a4 h4 (24... b4 $1 $15) 25. Be1 $16 g3 $2 {[%emt 0:00:03] [#]} (25... Kh8 $16 {keeps fighting.}) 26. Nf3 $2 (26. Bd2 $1 $18 Qh5 (26... gxh2 $2 27. Nd5 $18) 27. Bd1) 26... Qh5 $15 27. Ng1 (27. axb5 Nf4 28. Qd2 h3 (28... Qxb5 29. Nxh4 Nfg6 30. Nhf5 $16) 29. gxh3 Qxh3+ (29... Bxh3 30. Bxg3 $17) 30. Nh2 Nfg6 (30... Qxh2+ 31. Qxh2 gxh2 32. Rxf4 $18) 31. Bxg3 Qxg3 $17) 27... h3 {[%emt 0:00:11] ( -> ...hxg2+)} (27... b4 $5) 28. Bxg3 (28. axb5 hxg2+ 29. Kxg2 Qh2+ 30. Kf3 Nh4+ 31. Kf4 Neg6+ (31... g2+ $2 32. Kg5 $19) 32. Kg5 Nf3+ (32... g2 $2 33. Nxg2 Qxg2+ 34. Bg3 $19) 33. Nxf3 f6+ 34. Kxg6 Qh7#) 28... Kg7 $2 (28... hxg2+ $11 {and Black has nothing to worry.} 29. Kxg2 Rab8) 29. gxh3 (29. Qxb5 c5 $11) (29. axb5 $6 Rh8 $16) 29... Bxh3 30. Nxh3 (30. Qxb5 $2 {is the wrong capture.} Qh6 (30... Bxf1+ 31. Qxh5 Rh8 32. Qh2 $16) 31. Nxh3 Qxh3+ 32. Bh2 Qxe3 $19) 30... Qxh3+ 31. Bh2 Rh8 32. Rf2 b4 33. Raf1 f6 34. Rg1 Kf7 $2 (34... Kf8 35. Rxf6+ Ke8) 35. Qc4+ Ke8 36. Nd5 ({Avoid the trap} 36. Rg3 $2 Qxg3 37. Qe2 Nf4 $19) 36... Nxd5 (36... Rc8 $142 37. Nxe7 (37. cxb4 Ne5 $16) (37. Nxf6+ Kd8 $18) (37. Nxc7+ Kd7 $18) 37... Nxe7) 37. Qxd5 $18 Qe3 38. Rxg6 (38. Qxa8+ Ke7 39. Qxa7 Rxh2+ 40. Kxh2 (40. Rxh2 Qf3+ 41. Rhg2 Qh5+ 42. Rh2 Qf3+ 43. Rgg2 Qf1+ 44. Rg1 Qf3+ $11) 40... Qxf2+ 41. Kh1 Qf3+ 42. Rg2 Qf1+ 43. Kh2 Qf4+ 44. Rg3 Qf2+ 45. Rg2 Qf4+ 46. Rg3 Qf2+ 47. Kh1 Qxg3 48. Qxc7+ Kf8 $11) (38. Qc6+ $142 Kd8 39. Rxg6 (39. Qxa8+ Ke7 $14)) 38... Qxf2 39. Qxa8+ Kf7 40. Qxh8 Kxg6 41. Qg8+ Kh6 42. Qg2 Qe1+ 43. Bg1 bxc3 44. Qh3+ Kg7 45. bxc3 {[%emt 0:00:29] Hoping for Qg4+.} c5 46. Qe3 Qf1 47. Qg3+ Kf7 48. Bd3 {[%emt 0:00:00] Never resign too early!   Weighted Error Value: White=0.48/Black=1.07  Loses game:     	---       	Black=1      Missed win:     	White=1     	---        Mistake:       	White=4     	Black=7      Inaccurate:     	---       	Black=5      OK:         	White=13    	Black=7      Best:        	White=3     	Black=3      Strong:       	White=1     	Black=2} (48. Qxd6 Qf3+ 49. Kh2 Qe2+ 50. Kh3 Qxc2 $16) 1-0

[Event "EICC 2025"]
[Site "Eforie-Nord"]
[Date "2025.03.17"]
[Round "3.39"]
[White "Mosesov, Danyil"]
[Black "Hryzlova, Sofiia"]
[Result "1-0"]
[Annotator "RC"]
[ECO "D50"]
[WhiteElo "2462"]
[BlackElo "2258"]
[PlyCount "77"]
[EventDate "2025.03.14"]
[EventType "swiss"]
[EventCountry "ROU"]
[SourceTitle "playchess.com"]
[Source "ChessBase"]
[SourceQuality "1"]
[TimeControl "40/5400+30:1800+30"]

1. d4 Nf6 2. c4 e6 3. Nc3 d5 4. Nf3 c5 5. cxd5 cxd4 6. Qxd4 exd5 7. Bg5 Be7 8. e3 O-O 9. Be2 h6 10. Bh4 Nc6 11. Qd3 Qb6 12. O-O Rd8 13. Rfd1 Be6 14. a3 Rac8 15. b4 a6 16. h3 Qc7 17. Rac1 b5 18. Bf1 Ne8 19. Nxb5 axb5 20. Rxc6 Qxc6 21. Bxe7 Nd6 22. Bxd8 Rxd8 23. Nd4 Qa6 24. Nxe6 fxe6 25. Qg6 Nc4 26. Rd4 Ne5 27. Qg3 Nc6 28. Rg4 Rd7 29. Rg6 Nd8 30. Rxh6 Qxa3 31. Qg6 Re7 32. Bd3 Nf7 33. Rh4 Qa1+ 34. Kh2 Qe5+ 35. g3 Kf8 36. Rf4 Rc7 37. h4 Kg8 38. Qh7+ Kf8 39. Bg6 1-0

[Event "EICC 2025"]
[Site "Eforie-Nord"]
[Date "2025.03.17"]
[Round "3.40"]
[White "Bodrogi, Bendeguz"]
[Black "Svane, Rasmus"]
[Result "1/2-1/2"]
[Annotator "TA"]
[ECO "A46"]
[WhiteElo "2460"]
[BlackElo "2627"]
[PlyCount "61"]
[EventDate "2025.03.14"]
[EventType "swiss"]
[EventCountry "ROU"]
[SourceTitle "playchess.com"]
[Source "ChessBase"]
[SourceQuality "1"]
[TimeControl "40/5400+30:1800+30"]

1. Nf3 Nf6 2. g3 b5 3. Bg2 Bb7 4. d4 e6 5. Bg5 Be7 6. O-O h6 {[%emt 0:06:51] A46: 1 d4 Nf6 2 Nf3 e6: Torre, London and Colle Systems.} 7. Bxf6 Bxf6 8. Re1 $146 (8. c3 d6 9. Nbd2 O-O 10. a4 a6 11. e4 Nd7 12. Qe2 Bc6 13. axb5 axb5 14. h4 {½-½ Shuvalova,P (2487)-Hou,Y (2633) Julius Baer WSCC Blitz 2024 (2.4)}) 8... c5 {[%emt 0:12:40] The position is equal.} 9. e4 O-O 10. Nc3 cxd4 11. Nxb5 e5 {[%emt 0:02:57][%csl Oa7,Od7] Black has weak pawns} 12. Nd6 Bc6 13. Rc1 Na6 14. c3 Qb8 15. Nc4 {[%emt 0:00:00] A dynamic duo of knights.} dxc3 16. Rxc3 Rd8 17. Qe2 Nc5 {[%emt 0:03:46] [#]} 18. Ncxe5 $1 Bb5 (18... Bxe5 19. Rxc5 Re8 (19... Bxb2 $2 20. Rb1 $18) 20. Nxe5 Rxe5 21. Rc3 $11) 19. Qc2 Ne6 20. a4 $1 Bxe5 21. Nxe5 Qxe5 22. axb5 Qxb5 23. Rd1 Rab8 24. b3 Qb6 25. Bf1 Nd4 26. Qd3 Nc6 (26... Nxb3 $2 {perishes.} 27. Rb1 $18) 27. Qd6 {[%emt 0:00:00] White attacks} Rbc8 28. Rf3 ({White should try} 28. Bh3 $16) 28... Qc7 {[%emt 0:00:35] White is slightly better.} 29. Rf5 {[%emt 0:00:30] White is much more active.} Qxd6 30. Rxd6 {[%emt 0:00:08] Threatens to win with Bc4.} Kf8 31. Rd2 {[%emt 0:02:56] Weighted Error Value: White=0.11 (very precise) /Black=0.11 (very precise)   Mistake:       	White=1     	---        Inaccurate:     	White=3     	Black=4      OK:         	White=11    	Black=8      Best:        	---       	Black=1      Strong:       	White=1     	---} 1/2-1/2

[Event "EICC 2025"]
[Site "Eforie-Nord"]
[Date "2025.03.17"]
[Round "3.40"]
[White "Uritsky, Yonathan"]
[Black "Kalogeris, Ioannis"]
[Result "0-1"]
[Annotator "RC"]
[ECO "C78"]
[WhiteElo "2285"]
[BlackElo "2454"]
[PlyCount "96"]
[EventDate "2025.03.14"]
[EventType "swiss"]
[EventCountry "ROU"]
[SourceTitle "playchess.com"]
[Source "ChessBase"]
[SourceQuality "1"]
[TimeControl "40/5400+30:1800+30"]

1. e4 e5 2. Nf3 Nc6 3. Bb5 a6 4. Ba4 Nf6 5. O-O b5 6. Bb3 Bc5 7. a4 Rb8 8. c3 d6 9. d4 Bb6 10. a5 Ba7 11. h3 O-O 12. Be3 Ra8 13. Nbd2 Bb7 14. Re1 Kh8 15. Nf1 exd4 16. cxd4 d5 17. e5 Ne4 18. Ng3 Nxg3 19. fxg3 f6 20. Bc2 fxe5 21. Nxe5 Nxe5 22. Qh5 g6 23. Qxe5+ Kg8 24. Rac1 Re8 25. Qf4 c6 26. Kh2 Re7 27. b4 Rf7 28. Qh6 Qf8 29. Qxf8+ Raxf8 30. Bh6 Bxd4 31. Bxf8 Kxf8 32. Bb3 Bb2 33. Rc2 Bd4 34. g4 Re7 35. Rd1 Be5+ 36. Kg1 Bd6 37. Rf1+ Ke8 38. Rf6 Kd7 39. h4 Bxb4 40. h5 gxh5 41. gxh5 Bxa5 42. g4 Bb6+ 43. Kf1 Bd4 44. Rf8 a5 45. Rc1 a4 46. Bc2 a3 47. Bb3 b4 48. g5 Be3 0-1

[Event "EICC 2025"]
[Site "Eforie-Nord"]
[Date "2025.03.17"]
[Round "3.41"]
[White "Rodshtein, Maxim"]
[Black "Levin, Guy"]
[Result "1-0"]
[Annotator "TA"]
[ECO "A25"]
[WhiteElo "2623"]
[BlackElo "2450"]
[PlyCount "122"]
[EventDate "2025.03.14"]
[EventType "swiss"]
[EventCountry "ROU"]
[SourceTitle "playchess.com"]
[Source "ChessBase"]
[SourceQuality "1"]
[TimeControl "40/5400+30:1800+30"]

1. c4 e5 2. g3 Nc6 3. Bg2 g6 4. Nc3 Bg7 5. Rb1 a5 6. a3 d6 7. b4 axb4 8. axb4 Nge7 {[%emt 0:07:04] A25: English Opening vs King's Indian with ...Nc6 but without early d3.} 9. d3 O-O 10. b5 Nd4 {[%emt 0:02:18][%cal Bc6d4,Bd4e6,Be6c5][%mdl 32] The position is equal.} 11. e3 Ne6 12. Nge2 Nc5 13. O-O Bf5 14. e4 Be6 15. Be3 Qd7 16. Qc2 $146 ({Predecessor:} 16. Nd5 Ra3 17. Bxc5 dxc5 18. Rb3 Rfa8 19. Qc2 b6 20. Rxa3 Rxa3 21. Nec3 Bxd5 22. exd5 Nf5 23. Qb2 Rxc3 24. Qxc3 {1-0 Del Puerto,R (2163)-Heinechen,J (1884) Asuncion Clasificatorio op 3rd 2016 (7.1)}) 16... Ra3 17. Ra1 Rfa8 18. Rxa3 Rxa3 19. Qb2 Ra5 20. Rd1 b6 21. Nc1 Qe8 22. N1a2 h6 23. Nb4 Qa8 24. h4 Qa7 25. Kh2 Ra3 26. Na6 Ra5 27. Nb4 Ra3 28. Na6 Ra5 29. Nxc5 dxc5 30. Bh3 Bxh3 31. Kxh3 h5 32. Bg5 f6 33. Bd2 {[%emt 0:00:18] [#] Nd5 is the strong threat.} Kh7 34. Be1 Qa8 35. Qe2 Ra1 36. Kg2 Rxd1 37. Qxd1 Qd8 38. Qf3 Qd6 39. Kf1 Bh6 40. Ke2 Kg7 41. g4 (41. Nd5 {simplifies} Nxd5 42. exd5 Qd8 43. Qe4) 41... hxg4 42. Qxg4 f5 43. Qh3 Kf7 (43... Qf6 $11) 44. h5 $16 Qf6 45. Nd5 (45. hxg6+ $14 Kxg6 46. Qh1) 45... Nxd5 $11 46. cxd5 {[%emt 0:00:00][%mdl 4096] Endgame KQB-KQB} Qg5 47. Bc3 Qf4 48. hxg6+ Kxg6 49. Qg3+ $1 Kf7 $2 {[%emt 0:02:51][%mdl 8192] [#] This move loses the game for Black.} (49... Kf6 $1 $11 {and Black stays safe.}) 50. Bxe5 $18 Qd2+ 51. Kf1 c4 52. dxc4 Qc1+ 53. Kg2 Qxc4 54. Qf3 ({Less strong is} 54. Bxc7 f4 55. Qh3 (55. Bxf4 $2 {too greedy.} Qxe4+ 56. Qf3 Qxf4 $19) 55... Qxe4+ 56. Qf3 Qf5 $18) (54. exf5 Qe4+ 55. Kh2 Qxf5 $16) 54... Qxe4 55. Qxe4 ({Don't play} 55. Bxc7 Ke7 56. Qxe4+ (56. Bxb6 Qe5 $18) 56... fxe4 57. Bxb6 Kd6) 55... fxe4 56. Bxc7 {[%emt 0:00:09] KB-KB. White is a pawn up.} Ke7 57. f3 Kd7 58. Bxb6 exf3+ (58... e3 $142 59. Bc5 Bf4) 59. Kxf3 Bf8 60. Ke4 Bd6 61. Kd4 $2 (61. Be3 Be7 62. b6) 61... Bh2 {[%emt 0:00:15] Weighted Error Value: White=0.21 (precise) /Black=0.36  Loses game:     	---       	Black=1      Mistake:       	White=1     	Black=2      Inaccurate:     	White=1     	Black=3      OK:         	White=16    	Black=16     Best:        	White=6     	Black=5      Strong:       	White=1     	---} 1-0